 Dungeon Crawl Stone Soup version 0.28-a0-1152-g9c71ebef14 (webtiles) character file.

Game seed: 3565918764448360037

161 ytrimaz the Shield-Bearer (level 5, 0/63 HPs)
             Began as a Formicid Fighter on Dec 14, 2021.
             Succumbed to an orc wizard's poison
             ... on level 3 of the Dungeon.
             The game lasted 00:01:55 (2157 turns).

ytrimaz the Shield-Bearer (Formicid Fighter)        Turns: 2157, Time: 00:01:56

Health: 0/63       AC: 22    Str: 23    XL:     5   Next: 70%
Magic:  5/5        EV:  2    Int:  7    God:
Gold:   19         SH:  4    Dex:  8    Spells: 4/4 levels left

rFire   . . .      SeeInvis .   a - +1 war axe
rCold   . . .      Faith    .   c - +0 buckler
rNeg    . . .      Spirit   .   (armour currently unavailable)
rPois   +          Reflect  .   (helmet unavailable)
rElec   .          Harm     .   (cloak currently unavailable)
rCorr   .          Rampage  .   (gloves currently unavailable)
Will    .....                   (boots currently unavailable)
Stlth   +.........              (no amulet)
HPRegen 0.20/turn               g - ring of poison resistance
MPRegen 0.09/turn               (no ring)

@: mighty, lethally poisoned (0 -> -10), tree-form
A: stationary, stasis, torment immunity, boosted hp, permanent stasis, dig
shafts and tunnels, (antennae 3), four strong arms, clumsy 1
a: no special abilities


You were on level 3 of the Dungeon.
You were a tree.
You visited 1 branch of the dungeon, and saw 3 of its levels.

You collected 19 gold pieces.

Inventory:

Hand Weapons
 a - a +1 war axe (weapon)
Armour
 b - a +0 scale mail (melded)
 c - a +0 buckler (worn)
Jewellery
 g - a ring of poison resistance (left branch)
Scrolls
 h - a scroll of immolation {unknown}
Potions
 d - a potion of might


   Skills:
 + Level 4.0 Fighting
 + Level 3.6 Axes
 + Level 4.1 Armour
 * Level 4.8 Shields


You had 4 spell levels left.
You didn't know any spells.
Your spell library was empty.

Dungeon Overview and Level Annotations

Branches:
Dungeon (3/15)

Altars:
Fedhas


Innate Abilities, Weirdness & Mutations

You are a tree.
Your roots penetrate the ground, keeping you stationary.
You cannot be teleported.
You are immune to unholy pain and torment.
Your maximum health is greatly increased.
Your equipment is partially melded.
You cannot be hasted, slowed, berserked, paralysed or teleported.
You can dig through walls and to a lower floor.
((You have a pair of large antennae on your head. (SInv)))
Your four strong arms can wield two-handed weapons with a shield.
You are clumsy. (Dex -2)


Message History

Unknown command.
You hit the orc wizard but do no damage.
The orc wizard is heavily wounded.
* * * LOW HITPOINT WARNING * * *
You feel very sick.
The orc wizard hits you but does no damage.
Unknown command.
It was a potion of mutation.
You feel extremely strange.
You feel clumsy.
* * * LOW HITPOINT WARNING * * *
You feel sick.
The orc wizard hits you but does no damage.
Really quaff the potion of lignification?
You turn into a tree.
Your +0 scale mail melds into your body.
Your roots penetrate the ground.
You feel sick. Something hits you but does no damage.
Deactivating autopickup; reactivate with Ctrl-A.
Unknown command.
You cannot move.
Unknown command.
You cannot move.
Unknown command.
Okay, then.
You feel very mighty all of a sudden.
You feel sick. Something hits you but does no damage.
You are lethally poisoned!
Unknown command.
You cannot move.
Unknown command.
You cannot move.
Unknown command.
You cannot move.
You miss something.
* * * LOW HITPOINT WARNING * * *
You feel very sick. Something hits you but does no damage.
Unknown command.
You closely miss something.
You die...

#.# #.# # . #..
.... #.# ...
.##.# # .... ...#
.#
.....##)#####.#
.......♣......#
#.#
##<#####.{.≈≈###
#.#
##..#####.).≈.#
#.#
#.#.#.......≈_≈≈#
#.#
.....####≈≈≈≈.#
#.# #..####≈.≈[.#
#.# #.....$.....#
#.# #?.########.#
##.## #..# #.#
##.#.##


There were no monsters in sight!

Vanquished Creatures
  An orc priest (D:3)
  An orc wizard (D:3)
  4 gnolls
  2 adders (D:2)
  A worm (D:3)
  A dart slug (D:2)
  5 orcs (D:3)
  4 ball pythons
  3 bats
  5 endoplasms
  3 giant cockroaches
  2 hobgoblins
  3 frilled lizards (D:1)
  7 goblins
  A kobold (D:1)
  6 rats
49 creatures vanquished.

Vanquished Creatures (others)
  4 fungi (D:1)
  7 plants (D:1)
11 creatures vanquished.

Grand Total: 60 creatures vanquished

Notes
Turn   | Place    | Note
-------+----------+-------------------------------------------
     0 | D:1      | ytrimaz the Formicid Fighter began the quest for the Orb.
     0 | D:1      | Reached XP level 1. HP: 18/18 MP: 1/1
   205 | D:1      | Reached XP level 2. HP: 20/24 MP: 2/2
   313 | D:1      | Found a faded altar of an unknown god.
   854 | D:2      | Reached XP level 3. HP: 29/29 MP: 3/3
  1180 | D:1      | Reached XP level 4. HP: 20/34 MP: 4/4
  1475 | D:2      | You fall into a shaft and drop 1 floor!
  1608 | D:3      | Reached XP level 5. HP: 35/42 MP: 5/5
  2134 | D:3      | Found a blossoming altar of Fedhas.
  2153 | D:3      | Gained mutation: You are clumsy. (Dex -2) [potion of
                  | mutation]
  2156 | D:3      | HP: 3/63 [poisoned by an orc wizard]
  2157 | D:3      | Succumbed to an orc wizard's poison

Illustrated notes

Levels and vault maps discovered:
D:1:      scummos_arrival_forest, layout_rooms,
          shapermc_ecumenical_altar_mp_urbaneastern, serial_forest,
          infiniplex_forest_lined_room_2, infiniplex_forest_lined_1,
          infiniplex_forest_clump_small, infiniplex_forest_end_2,
          infiniplex_forest_zigzag_1, infiniplex_forest_zigzag_1,
          infiniplex_forest_end_2, chequers_serial_rivers_small_b
D:2:      layout_basic
D:3:      layout_loops_ring, fedhas_altar_2

Skill      XL: |  1  2  3  4  5 |
---------------+----------------+-----
Shields        | 4 |  4.8
Axes           | 3 |  3.6
Armour         | 4 |  4.1
Fighting       | 4 |  4.0

Action                   |  1- 3 |  4- 6 || total
-------------------------+-------+-------++-------
Melee: War axe           |    54 |    57 ||   111
  Use: Scroll            |     2 |     3 ||     5
       Potion            |       |     3 ||     3
Armor: Scale mail        |    25 |    36 ||    61
       Skin              |       |     3 ||     3
Dodge: Dodged            |    25 |    26 ||    51
Block: Buckler           |    10 |    12 ||    22

Table legend: (Time is in decaauts)
 A = Elapsed time spent in this place.
 B = Non-inter-level travel time spent in this place.
 C = Inter-level travel time spent in this place.
 D = Time resting spent in this place.
 E = Time spent auto-exploring this place.
 F = Levels seen in this place.
 G = Mean time per level.
                   A        B        C        D        E       F      G
               +--------+--------+--------+--------+--------+-----+--------+
         Total |   2202 |   2167 |     35 |    254 |   1495 |   3 |  734.0 |
       Dungeon |   2202 |   2167 |     35 |    254 |   1495 |   3 |  734.0 |
               +--------+--------+--------+--------+--------+-----+--------+

Top non-repeatable levels by time:
     D:1: 1095 daAuts
     D:2: 746 daAuts
     D:3: 360 daAuts
